[Event "*** Titled Tuesday Blitz"]
[Site "Chess.com"]
[Date "2020.05.19"]
[Round "2"]
[White "Playgood28"]
[Black "DarkAlekhine"]
[Result "0-1"]
[WhiteElo "2280"]
[BlackElo "2610"]
[TimeControl "180+1"]
[EndTime "12:17:13 PDT"]
[Termination "DarkAlekhine won by resignation"]

1. d4 Nf6 2. c4 g6 3. Nc3 Bg7 4. Nf3 d6 5. h3 O-O 6. Bf4 c5 7. e3 cxd4 8. exd4 Bf5 9. Be2 Ne4 10. O-O Nxc3 11. bxc3 Nc6 12. g4 Bd7 13. Rb1 b6 14.
Nd2 Rc8 15. Be3 e5 16. Nb3 Qh4 17. c5 d5 18. cxb6 axb6 19. Qe1 Qxh3 20. f3 exd4 21.
Nxd4 Rfe8 22. Qf2 Ne5 23. Bf4 Rxc3 24. Rxb6 Bxg4 25. Rb3 Rxb3 26. axb3 Bd7 27. Bb5 Bxb5 28.
Nxb5 Nd3 29. Qg3 Nxf4 30. Qxf4 Re2 31. Qb8+ Bf8 32. Rf2 Re1+ 0-1

[Event "*** Titled Tuesday Blitz"]
[Site "Chess.com"]
[Date "2020.05.19"]
[Round "2"]
[White "AliKa2810"]
[Black "ChadBiryani"]
[Result "1-0"]
[WhiteElo "2626"]
[BlackElo "2318"]
[TimeControl "180+1"]
[EndTime "12:17:13 PDT"]
[Termination "AliKa2810 won by resignation"]

1. e4 c5 2. Nf3 d6 3. Bb5+ Bd7 4. Bxd7+ Qxd7 5. O-O Nc6 6. c3 g6 7. d4 cxd4 8. cxd4 Bg7 9. Nc3 Nh6 10. h3 O-O 11. Be3 Kh8 12. Qd2 Ng8 13. Rac1 Rac8 14. d5 Na5 15. b3 b5 16. Bd4 a6 17. Bxg7+ Kxg7 18. Qd4+ f6 19. Ng5 Rfe8 20. Ne6+ Kf7 21. f4 Nb7 22. e5 Nc5 23. Nxc5 Qa7 24. Ne6 Qb7 25. exd6 exd6 26. f5 g5 27. Qg4 Qa7+ 28. Kh2 h6 29.
Qh5+ Ke7 30. Qg6 Kd7 31. Ne4 Qe3 32. Rxc8 Kxc8 33. Qxe8+ 1-0

[Event "*** Titled Tuesday Blitz"]
[Site "Chess.com"]
[Date "2020.05.19"]
[Round "2"]
[White "Kavyev_Ruslan"]
[Black "DDTerziev04"]
[Result "1-0"]
[WhiteElo "2460"]
[BlackElo "2255"]
[TimeControl "180+1"]
[EndTime "12:17:14 PDT"]
[Termination "Kavyev_Ruslan won by resignation"]

1. d4 d5 2. c4 dxc4 3. Nf3 Nf6 4. e3 e6 5. Bxc4 a6 6. O-O b5 7. Be2 Bb7 8. a4 b4 9. Nbd2 Nbd7 10. Nc4 c5 11. b3 Be7 12. Bb2 O-O 13. Rc1 Bd5 14.
Qd2 Ne4 15. Qc2 cxd4 16. Nxd4 Bf6 17. Rfd1 Qe7 18. f3 Nec5 19. e4 Bb7 20. Qb1 Rac8 21. Kh1 Rfd8 22. Qa2 Ba8 23. Ba1 Bb7 24. Bf1 Ba8 25.
Rb1 Bb7 26. Qd2 Ne5 27. Qxb4 Nxc4 28. Bxc4 Be5 29. Nc6 Bxc6 30. Bxe5 Bb7 31. Bd4 Re8 32. Bf2 Qc7 33. Bxc5 Qxc5 34. Qxb7 Red8 35. h3 g6 36. Qxa6 Qf2 37. Rd7 Qh4 38. Rbd1 Rb8 39. Qd6 Rxd7 40. Qxb8+ Kg7 41. Rxd7 Qe1+ 42. Kh2 Qe3 1-0

[Event "*** Titled Tuesday Blitz"]
[Site "Chess.com"]
[Date "2020.05.19"]
[Round "2"]
[White "paperotto610"]
[Black "Unknown_IM"]
[Result "0-1"]
[WhiteElo "2290"]
[BlackElo "2548"]
[TimeControl "180+1"]
[EndTime "12:17:16 PDT"]
[Termination "Unknown_IM won by resignation"]

1. Nf3 d5 2. b3 Nf6 3. Bb2 Bf5 4. e3 c6 5. Be2 Nbd7 6. O-O Qc7 7. c4 e5 8. Nc3 Be7 9. Rc1 dxc4 10. bxc4 O-O 11. d4 exd4 12. exd4 Rfe8 13. Re1 Rad8 14. Qd2 h6 15. d5 Bc5 16. Nd4 Bg6 17. h3 Nb6 18. Nb3 Bb4 19. Qd4 Bd6 20. c5 Bh2+ 21. Kh1 Nbxd5 22. g3 Bxg3 23. fxg3 Qxg3 24. Bf1 Rxe1 25. Rxe1 Qxe1 26. Kg2 Ne3+ 0-1

[Event "*** Titled Tuesday Blitz"]
[Site "Chess.com"]
[Date "2020.05.19"]
[Round "2"]
[White "SerGo055"]
[Black "YQPerez"]
[Result "1/2-1/2"]
[WhiteElo "2568"]
[BlackElo "2942"]
[TimeControl "180+1"]
[EndTime "12:17:18 PDT"]
[Termination "Game drawn by repetition"]

1. d4 Nf6 2. Nf3 e6 3. c4 d5 4.
Nc3 Be7 5. Bg5 O-O 6. e3 h6 7. Bh4 Ne4 8. Bxe7 Qxe7 9. Bd3 Nxc3 10. bxc3 dxc4 11. Bxc4 b6 12. O-O Bb7 13. a4 Nc6 14. Bd3 Rad8 15. Qb1 Na5 16. Ne5 c5 17. Rc1 Bd5 18.
Rd1 cxd4 19. cxd4 Rc8 20. Bh7+ Kh8 21. Be4 Qb7 22. Bxd5 Qxd5 23. Qb5 Kg8 24. Rac1 Rfd8 25. h3 f6 26. Ng6 Qxb5 27. axb5 Kf7 28. Nf4 Nb3 29.
Rb1 Na5 30. Rbc1 Nb3 31. Rb1 Na5 32. Rbc1 1/2-1/2

[Event "*** Titled Tuesday Blitz"]
[Site "Chess.com"]
[Date "2020.05.19"]
[Round "2"]
[White "emperor87"]
[Black "ajdemipopushi"]
[Result "0-1"]
[WhiteElo "2596"]
[BlackElo "2298"]
[TimeControl "180+1"]
[EndTime "12:17:18 PDT"]
[Termination "ajdemipopushi won by resignation"]

1. e4 c5 2. Nf3 g6 3. h4 h5 4. d4 cxd4 5. Qxd4 Nf6 6. e5 Nc6 7. Qf4 Ng4 8. Bd2 Bg7 9. Bc3 O-O 10.
Nbd2 Qc7 11. Be2 Ngxe5 12. O-O-O d6 13. Ng5 b5 14. b3 b4 15. Bb2 a5 16. Kb1 a4 17.
Bc4 Nxc4 18. Nxc4 Ne5 19. Nxe5 dxe5 20. Qxb4 axb3 21. cxb3 Bf5+ 22. Ka1 Rxa2+ 23. Kxa2 Ra8+ 24. Qa3 Rxa3+ 25. Bxa3 Qc2+ 26. Bb2 e4 27. Rd8+ Bf8 28.
Rhd1 f6 29. Nh3 Bxh3 30. gxh3 Qxf2 31. Rc8 Kf7 32. Rdd8 Bh6 33. Rh8 Bf4 34. Rh7+ Ke6 35. Rc6+ Bd6 0-1

[Event "*** Titled Tuesday Blitz"]
[Site "Chess.com"]
[Date "2020.05.19"]
[Round "2"]
[White "Yashasd1995"]
[Black "Klaus1995"]
[Result "1/2-1/2"]
[WhiteElo "2572"]
[BlackElo "1804"]
[TimeControl "180+1"]
[EndTime "12:17:18 PDT"]
[Termination "Game drawn by repetition"]

1. b3 d5 2. Bb2 e6 3. e3 Nf6 4. f4 Be7 5. Nf3 c5 6. Be2 b6 7. O-O Bb7 8. Ne5 O-O 9. d3 Nc6 10. Nd2 Bd6 11. Qe1 d4 12. Ndc4 dxe3 13. Bf3 Bxe5 14. fxe5 Nd5 15. Nxe3 Qc7 16. Nxd5 exd5 17. Bxd5 Nd4 18. Bxb7 Qxb7 19. Bxd4 cxd4 20. Rf4 Qc7 21. Rc1 Rfe8 22. Rxd4 Rxe5 23. Re4 Rae8 24. Rxe5 Rxe5 25. Qf2 Qe7 26. h3 Re2 27. Qg3 g6 28. Kh2 Qa3 29. Qb8+ Kg7 30. Qf4 Qxa2 31. Qd4+ Kg8 32. Qd8+ Kg7 33.
Qd4+ Kg8 34. Qd8+ Kg7 35. Qd4+ 1/2-1/2

[Event "*** Titled Tuesday Blitz"]
[Site "Chess.com"]
[Date "2020.05.19"]
[Round "2"]
[White "andriipalchuk"]
[Black "Pedrada88"]
[Result "0-1"]
[WhiteElo "1886"]
[BlackElo "2358"]
[TimeControl "180+1"]
[EndTime "12:17:18 PDT"]
[Termination "Pedrada88 won by resignation"]

1. e4 c5 2. Nf3 Nc6 3. Bb5 Qb6 4. Nc3 e6 5. Bxc6 Qxc6 6. d4 cxd4 7. Qxd4 Nf6 8. e5 Bc5 9. Qf4 Nd5 10. Nxd5 Qxd5 11. O-O O-O 12. Be3 b6 13. Rfd1 Qc6 14. Bxc5 bxc5 15.
Ng5 Bb7 16. f3 c4 17. c3 Qb6+ 18. Qd4 f6 19. exf6 gxf6 20. Qxb6 axb6 21. Rxd7 Bc8 22. Nxe6 Bxd7 23. Nxf8 Kxf8 24. a3 Bf5 25. Rd1 Bd3 26. Kf2 Re8 27. Rd2 Kf7 28. b3 b5 29.
a4 cxb3 30. a5 Bc2 31. a6 b2 0-1

[Event "*** Titled Tuesday Blitz"]
[Site "Chess.com"]
[Date "2020.05.19"]
[Round "2"]
[White "guillembaches"]
[Black "alertakobra"]
[Result "0-1"]
[WhiteElo "2418"]
[BlackElo "2228"]
[TimeControl "180+1"]
[EndTime "12:17:20 PDT"]
[Termination "alertakobra won by resignation"]

1. e4 e5 2. Nf3 Nc6 3. Nc3 Nf6 4. d4 exd4 5. Nxd4 Bb4 6. Nxc6 bxc6 7. Bd3 d5 8. Bd2 O-O 9. O-O Re8 10. Nxd5 cxd5 11.
Bxb4 dxe4 12. Bb5 Bd7 13. Bxd7 Qxd7 14. Qxd7 Nxd7 15. Rad1 Nb6 16. b3 a5 17. Bc5 a4 18.
Rfe1 h6 19. Rd4 f5 20. Red1 axb3 21. axb3 Re5 22. Bb4 Kh7 23. g3 c5 24. Rd6 Nc8 25.
Bc3 Nxd6 26. Bxe5 Nf7 27. Bc3 Ra2 28. Rd7 Kg6 29. Rd2 Ng5 30. Kf1 e3 31. fxe3 Ne4 32.
Rd3 Rxc2 33. Be5 Rxh2 34. Rd7 Nd2+ 0-1

[Event "*** Titled Tuesday Blitz"]
[Site "Chess.com"]
[Date "2020.05.19"]
[Round "2"]
[White "ChessicallyInclined"]
[Black "RichardShtivelband"]
[Result "1-0"]
[WhiteElo "2494"]
[BlackElo "2278"]
[TimeControl "180+1"]
[EndTime "12:17:21 PDT"]
[Termination "ChessicallyInclined won by resignation"]

1. d4 Nf6 2. c4 e6 3. Nc3 Bb4 4. e3 O-O 5. Ne2 Re8 6. a3 Bf8 7.
Ng3 b6 8. Be2 Bb7 9. d5 exd5 10.
cxd5 d6 11. O-O Nbd7 12. b4 a5 13. Rb1 axb4 14. axb4 g6 15. e4 Bg7 16. Qc2 Rc8 17. Nb5 Ba6 18. Na7 Bxe2 19. Nc6 Bxf1 20. Kxf1 Ne5 21.
Nxd8 Rexd8 22. h3 h6 23. f4 Ned7 24. Be3 Re8 25. Bf2 Re7 26. Re1 Rce8 27. Qxc7 Nc5 28.
Qxd6 Ncxe4 29. Nxe4 Nxe4 30. Rxe4 Rxe4 31. Qxb6 Rc4 32.
Kg1 Rc1+ 33. Kh2 Rc2 34. d6 Rd2 35. Qc5 Ree2 36. d7 Rxf2 37. Qxf2 Rxd7 38. Qc5 Bf8 39. Qc4 Rb7 40. b5 Rb8 41. Qc6 1-0

[Event "*** Titled Tuesday Blitz"]
[Site "Chess.com"]
[Date "2020.05.19"]
[Round "2"]
[White "FLamps8"]
[Black "promen1999"]
[Result "0-1"]
[WhiteElo "2550"]
[BlackElo "2888"]
[TimeControl "180+1"]
[EndTime "12:17:24 PDT"]
[Termination "promen1999 won by resignation"]

1. d4 Nf6 2. Nf3 g6 3. Nc3 d5 4. Bf4 Bg7 5. e3 O-O 6. Be2 c5 7. Ne5 Nc6 8. O-O cxd4 9. exd4 Bf5 10. Nxc6 bxc6 11. Bd3 Bxd3 12. Qxd3 Nd7 13. Rfe1 e6 14. Na4 Qf6 15. Be3 e5 16. dxe5 Nxe5 17. Qc3 Qh4 18. Bd4 Ng4 19. Bxg7 Qxh2+ 20. Kf1 Rfe8 21. Rxe8+ Rxe8 22. Qh3 Qf4 23. Qg3 Qxg3 24. fxg3 Kxg7 25. Rc1 Re3 26.
c4 d4 27. Rd1 Re4 28. Nc5 Ne3+ 29. Ke2 Re5 30. Nd3 Re7 31. Rc1 Nf5+ 32. Kd2 Nxg3 33.
c5 Re2+ 34. Kd1 Rxg2 35. Ne5 Ne4 36. Nxc6 Rg1+ 37. Kc2 d3+ 38. Kxd3 Rxc1 0-1

[Event "*** Titled Tuesday Blitz"]
[Site "Chess.com"]
[Date "2020.05.19"]
[Round "2"]
[White "zurzan"]
[Black "froylanajedrez"]
[Result "0-1"]
[WhiteElo "1894"]
[BlackElo "2357"]
[TimeControl "180+1"]
[EndTime "12:17:25 PDT"]
[Termination "froylanajedrez won by resignation"]

1. f4 Nf6 2. Nf3 g6 3. g3 Bg7 4. Bg2 O-O 5. O-O d6 6. c3 Nbd7 7. d3 e5 8. Qe1 e4 9. Nh4 Re8 10.
dxe4 Nxe4 11. Nd2 Ndf6 12. Nxe4 Nxe4 13. f5 Qe7 14. fxg6 hxg6 15. Bf3 Bh3 16. Ng2 Rad8 17. Bf4 d5 18. Rd1 c6 19. Bxe4 Qxe4 20. Rf2 d4 21. e3 dxe3 22. Nxe3 Rd3 23. Rxd3 Qxd3 24.
Qd2 Qe4 25. Ng2 Bf8 26. b4 Bg7 27. Ne1 Qxe1+ 0-1

[Event "*** Titled Tuesday Blitz"]
[Site "Chess.com"]
[Date "2020.05.19"]
[Round "2"]
[White "Matveev_Vladimir"]
[Black "Dhaydon19"]
[Result "1/2-1/2"]
[WhiteElo "2498"]
[BlackElo "2727"]
[TimeControl "180+1"]
[EndTime "12:17:26 PDT"]
[Termination "Game drawn by agreement"]

1. d4 c6 2. c4 d5 3. Nf3 Nf6 4. Qc2 e6 5. g3 Bd6 6. Bg2 Nbd7 7. O-O O-O 8. Nfd2 Re8 9. Nc3 h6 10. Rd1 a6 11. e4 dxe4 12. Ndxe4 Nxe4 13. Nxe4 Be7 14. d5 exd5 15. cxd5 cxd5 16. Rxd5 Qb6 17. Be3 Qe6 18. Rad1 Nf6 19. Nc5 Nxd5 20. Nxe6 Nxe3 21. fxe3 Bxe6 22. Bd5 Rac8 23. Qb3 Bxd5 24. Rxd5 Bf6 25. Rd7 Rf8 26. Rxb7 Rcd8 27. Qc2 Rfe8 28. Qc4 Re6 29.
Qc7 Rxe3 30. Qxf7+ Kh8 31. Rd7 Rc8 32. Rc7 Rd8 33. Rd7 Rc8 34. Rc7 Rce8 35. Rc2 Re1+ 36. Kg2 R1e7 37. Qg6 Re6 1/2-1/2

[Event "*** Titled Tuesday Blitz"]
[Site "Chess.com"]
[Date "2020.05.19"]
[Round "2"]
[White "Misha_Bilous"]
[Black "CarlosAlbornoz"]
[Result "0-1"]
[WhiteElo "2461"]
[BlackElo "2678"]
[TimeControl "180+1"]
[EndTime "12:17:26 PDT"]
[Termination "CarlosAlbornoz won by resignation"]

1. d4 Nf6 2. c4 g6 3. f3 Bg7 4. e4 d6 5. Nc3 O-O 6. Be3 c5 7. Nge2 Nc6 8. d5 Na5 9. Ng3 e6 10. Be2 exd5 11. cxd5 a6 12. a4 h5 13. O-O Bd7 14. h3 Re8 15. f4 h4 16. e5 hxg3 17.
exf6 Qxf6 18. Rf3 Rxe3 19. Rxe3 Qd4 20. Qd3 c4 21. Qe4 Re8 22. Qxe8+ Bxe8 23. Nd1 Bd7 24. Kh1 Qd2 25. Bf3 Nb3 26. Rb1 Bd4 27. Re2 Qd3 28. Be4 Qxe2 0-1

[Event "*** Titled Tuesday Blitz"]
[Site "Chess.com"]
[Date "2020.05.19"]
[Round "2"]
[White "ameetghasi100"]
[Black "willc-h99"]
[Result "1-0"]
[WhiteElo "2716"]
[BlackElo "2411"]
[TimeControl "180+1"]
[EndTime "12:17:26 PDT"]
[Termination "ameetghasi100 won on time"]

1. b3 c5 2. Bb2 d6 3. e3 e5 4. c4 Nc6 5. Nc3 g6 6. g3 Bg7 7. Bg2 Nge7 8. Nge2 O-O 9. O-O Be6 10. Nd5 Rb8 11. Rc1 b5 12. Nxe7+ Nxe7 13. cxb5 Rxb5 14.
d4 exd4 15. exd4 c4 16. Nf4 cxb3 17. Nxe6 fxe6 18. axb3 Qb6 19. Qe2 d5 20. Ba3 Re8 21. Bc5 Qa6 22. Rfe1 Nf5 23. Bf1 Reb8 24. Qd2 Qb7 25.
Bxb5 Qxb5 26. Rxe6 Qxb3 27. Rce1 h5 28. Rxg6 Qf3 29.
Qe2 Qxe2 30. Rxe2 Kh7 31. Rg5 1-0

[Event "*** Titled Tuesday Blitz"]
[Site "Chess.com"]
[Date "2020.05.19"]
[Round "2"]
[White "51616516516"]
[Black "Khamrakulov_Djurabek"]
[Result "1/2-1/2"]
[WhiteElo "2351"]
[BlackElo "2792"]
[TimeControl "180+1"]
[EndTime "12:17:27 PDT"]
[Termination "Game drawn by agreement"]

1. d4 Nf6 2. c4 e6 3. Nc3 Bb4 4. Qc2 O-O 5. Nf3 c5 6. dxc5 Na6 7. g3 Nxc5 8. Bg2 Nfe4 9. O-O Bxc3 10. bxc3 Qa5 11.
Nd2 Qxc3 12. Bxe4 Nxe4 13. Qxe4 Qxa1 14. Ba3 Qxa2 15. Bxf8 Kxf8 16. Nf3 f5 17. Qe5 Qa6 18. Rd1 Qxc4 19. Qd6+ Ke8 20. Ne5 Qb5 21. h4 a5 22.
h5 a4 23. h6 gxh6 24. Qd4 a3 25. Nc4 Qb3 26. Qh8+ Ke7 27. Qg7+ Kd8 28. Qf8+ Kc7 29. Qd6+ Kd8 30. Qf8+ Kc7 31. Qd6+ Kd8 1/2-1/2

[Event "*** Titled Tuesday Blitz"]
[Site "Chess.com"]
[Date "2020.05.19"]
[Round "2"]
[White "David_Paravyan"]
[Black "IwkooO"]
[Result "1-0"]
[WhiteElo "2882"]
[BlackElo "2545"]
[TimeControl "180+1"]
[EndTime "12:17:31 PDT"]
[Termination "David_Paravyan won by resignation"]

1. e4 c5 2. Nf3 e6 3. d4 cxd4 4. Nxd4 Nc6 5. Nc3 a6 6. a3 Nf6 7. Be3 d5 8. exd5 Nxd5 9. Nxd5 Qxd5 10. Be2 Nxd4 11. Bxd4 Qxg2 12. Bf3 Qg5 13. Qe2 Qa5+ 14. b4 Qc7 15. Qe3 Bd7 16. Bb6 Qc8 17. O-O-O Be7 18.
Rhg1 O-O 19. Qd4 Bf6 20. Qxf6 1-0

[Event "*** Titled Tuesday Blitz"]
[Site "Chess.com"]
[Date "2020.05.19"]
[Round "2"]
[White "boasovietica"]
[Black "velemajstor767276"]
[Result "0-1"]
[WhiteElo "2381"]
[BlackElo "2644"]
[TimeControl "180+1"]
[EndTime "12:17:31 PDT"]
[Termination "velemajstor767276 won by resignation"]

1. e4 c5 2. Nf3 e6 3. d4 cxd4 4. Nxd4 Nf6 5. Nc3 Nc6 6. Nb3 Bb4 7. Bd3 d5 8. exd5 Nxd5 9. Bd2 Nxc3 10. bxc3 Be7 11. O-O O-O 12. Rb1 b6 13. Nd4 Nxd4 14. cxd4 Bb7 15. c3 Qd5 16. Qg4 Rfd8 17. a4 Bf6 18.
Rb5 Qa2 19. Bh6 Bd5 20. h4 Rac8 21. h5 Kf8 22. Be3 h6 23. a5 Rxc3 24. axb6 Rxd3 25. b7 Rb3 26. Rxb3 Qxb3 0-1

[Event "*** Titled Tuesday Blitz"]
[Site "Chess.com"]
[Date "2020.05.19"]
[Round "2"]
[White "francyIM"]
[Black "Gloomy_Wanderer"]
[Result "1-0"]
[WhiteElo "2519"]
[BlackElo "2750"]
[TimeControl "180+1"]
[EndTime "12:17:32 PDT"]
[Termination "francyIM won by resignation"]

1. d4 Nf6 2. c4 e6 3. Nc3 Bb4 4.
f3 c5 5. d5 O-O 6. e4 exd5 7.
cxd5 d6 8. Bg5 h6 9. Bh4 Nbd7 10. Ne2 Ne5 11. a3 Ba5 12. Bf2 b5 13. Nc1 b4 14.
axb4 cxb4 15. Nb1 Bb6 16. Qd2 a5 17. Bxb6 Qxb6 18. Nb3 Ba6 19. Rxa5 Bxf1 20. Rxa8 Rxa8 21. Kxf1 Nc4 22. Qd4 Qxd4 23. Nxd4 Nxb2 24. Ke2 Ra2 25. Nd2 Nc4 26. Nb3 Nxd2 27. Nxd2 Nd7 28. Rb1 Ra4 29. Nc4 Nc5 30. Nxd6 Ra2+ 31. Ke3 b3 32. Kd4 Rc2 33. Nc4 1-0

[Event "*** Titled Tuesday Blitz"]
[Site "Chess.com"]
[Date "2020.05.19"]
[Round "2"]
[White "TheBigBoss04"]
[Black "ZarinaShafigullina"]
[Result "1-0"]
[WhiteElo "2755"]
[BlackElo "2340"]
[TimeControl "180+1"]
[EndTime "12:17:33 PDT"]
[Termination "TheBigBoss04 won by resignation"]

1. d4 Nf6 2. c4 e6 3. Nc3 Bb4 4. Qc2 c5 5. dxc5 O-O 6. a3 Bxc5 7. Bf4 Nc6 8. Nf3 d5 9. cxd5 Nxd5 10. Nxd5 Qxd5 11.
e4 Qh5 12. Be2 Bb6 13. O-O Qc5 14. Qxc5 Bxc5 15. Rac1 Bb6 16. Rfd1 f6 17. Bd6 Rd8 18. e5 fxe5 19. Bb5 Nd4 20. Nxd4 exd4 21. Be7 Rd5 22. Bc4 Re5 23. Bd6 Rf5 24. Bb3 Bd7 25. Bc7 Bxc7 26.
Rxc7 Bc8 27. Rxc8+ Rxc8 28. Bxe6+ Kf8 29. Bxf5 1-0

[Event "*** Titled Tuesday Blitz"]
[Site "Chess.com"]
[Date "2020.05.19"]
[Round "2"]
[White "almaguerjm"]
[Black "K_A_S_T_O_R"]
[Result "1/2-1/2"]
[WhiteElo "2339"]
[BlackElo "2720"]
[TimeControl "180+1"]
[EndTime "12:17:34 PDT"]
[Termination "Game drawn by repetition"]

1. d4 Nf6 2. Nf3 e6 3. g3 b6 4. Bg2 Bb7 5. O-O c5 6. b3 cxd4 7. Nxd4 Bxg2 8. Kxg2 Qc7 9. Bb2 Qb7+ 10. f3 a6 11. c4 d6 12. Nd2 Nbd7 13. Re1 Be7 14.
e4 O-O 15. Nf1 b5 16. Rc1 Rfc8 17. Ne3 Ne5 18. Qe2 bxc4 19. Nxc4 Nxc4 20. Rxc4 Rxc4 21. Qxc4 d5 22. Qc6 Rb8 23. Qxb7 Rxb7 24. Nc6 dxe4 25.
Nxe7+ Rxe7 26. fxe4 Rc7 27. Bxf6 Rc2+ 28. Kf3 gxf6 29.
Re2 Rc3+ 30. Re3 Rc1 31. b4 Rb1 32. Ra3 Rxb4 33. Rxa6 Kg7 34. h4 h5 35. Ra5 Kg6 36. Ra8 Rc4 37. Rg8+ Kh7 38. Ra8 Rc3+ 39. Kf2 Kg7 40.
a4 Ra3 41. a5 Ra4 42. Kf3 Ra3+ 43. Kf2 Ra1 44. a6 Ra4 45. Kf3 Ra2 46. a7 Ra3+ 47.
Kf2 Kh7 48. Ke2 Kg7 49. Kd2 f5 50. e5 Ra5 51. Kc3 Ra1 52. Kb4 Kh7 53. Kc5 Kg7 54. Kb6 Rb1+ 55. Kc7 Ra1 56. Kd7 Ra3 57. Ke7 Ra4 58.
Kd7 Ra3 59. Kc6 Ra2 60. Kb6 Rb2+ 61. Kc5 Ra2 62. Kb6 Rb2+ 63. Kc5 Ra2 64. Kb6 1/2-1/2

[Event "*** Titled Tuesday Blitz"]
[Site "Chess.com"]
[Date "2020.05.19"]
[Round "2"]
[White "Shield12"]
[Black "PIwan"]
[Result "1-0"]
[WhiteElo "2817"]
[BlackElo "2517"]
[TimeControl "180+1"]
[EndTime "12:17:35 PDT"]
[Termination "Shield12 won by resignation"]

1. e4 e6 2. d4 d5 3. Nd2 Be7 4. e5 c5 5. c3 Nc6 6. Bd3 Qb6 7. Ndf3 Bd7 8. dxc5 Bxc5 9. Qe2 a5 10. h4 Nge7 11.
Nh3 a4 12. O-O Na7 13. h5 h6 14. Nf4 Bb5 15. Rd1 O-O 16. Bxb5 Qxb5 17. Nd3 Nac6 18. Bf4 Rac8 19. Qd2 Kh7 20. Qc2 Kh8 21. Nxc5 Qxc5 22. Qxa4 f6 23. Be3 Qa5 24. Qxa5 Nxa5 25. exf6 Rxf6 26. Ne5 Rf5 27. Bd4 Nac6 28. Re1 Nxd4 29. cxd4 Rc2 30. Nd3 Rxh5 31. Rac1 Rxc1 32. Rxc1 Nc6 33.
Nf4 Rh4 34. Ng6+ 1-0

[Event "*** Titled Tuesday Blitz"]
[Site "Chess.com"]
[Date "2020.05.19"]
[Round "2"]
[White "Robert_Chessmood"]
[Black "Kopytkin"]
[Result "1-0"]
[WhiteElo "2902"]
[BlackElo "2344"]
[TimeControl "180+1"]
[EndTime "12:17:35 PDT"]
[Termination "Robert_Chessmood won by resignation"]

1. e4 c6 2. Nf3 d5 3. d3 g6 4. Qe2 Bg7 5. g3 dxe4 6. dxe4 Nf6 7. Bg2 O-O 8. O-O c5 9. e5 Nd5 10. c4 Nb4 11. Rd1 Qc7 12. Nc3 Bf5 13. Bf4 Qb6 14. Rd2 N8c6 15. a3 Na6 16. Nd5 Qa5 17. Qd1 g5 18. b4 cxb4 19. axb4 Qd8 20. Bxg5 Qe8 21. b5 Nxe5 22. Nxe5 Bxe5 23. bxa6 bxa6 24.
Ra5 f6 25. Bf4 Rc8 26. Bxe5 fxe5 27. Ne3 Bg6 28. Rxe5 Rf6 29. Rd7 Qf8 30. Rexe7 Rxf2 31. Bd5+ Kh8 32. Qd4+ Qf6 33. Qxf6+ Rxf6 34. Ng4 Rff8 35. Ne5 1-0

[Event "*** Titled Tuesday Blitz"]
[Site "Chess.com"]
[Date "2020.05.19"]
[Round "2"]
[White "harvsp123"]
[Black "IMTominho"]
[Result "0-1"]
[WhiteElo "2530"]
[BlackElo "2835"]
[TimeControl "180+1"]
[EndTime "12:17:37 PDT"]
[Termination "IMTominho won by resignation"]

1. e4 e5 2. Nf3 Nf6 3. d4 Nxe4 4. dxe5 d5 5. Nbd2 Nxd2 6. Bxd2 c5 7. Bd3 Be7 8. c3 Nc6 9. O-O Be6 10. b4 b6 11. Bb5 Rc8 12. bxc5 bxc5 13. Qa4 Qc7 14. c4 d4 15. Ba5 Qd7 16. Ba6 Rb8 17. Bb5 Rc8 18.
Ba6 O-O 19. Bxc8 Rxc8 20. Bd2 h6 21. Qa3 Bf5 22. Rfe1 Qe6 23. Qa4 Bg4 24. Qb3 Rb8 25.
Qd3 Bf5 26. Qa3 Qxc4 27. Bf4 Qe6 28. Qa6 c4 29. Rad1 Bc5 30. h3 c3 31. g4 Bg6 32.
Bg3 Rb2 33. Nh4 Bc2 34. Rc1 Nb4 35. Qxe6 fxe6 36. Ng6 Bxg6 0-1

[Event "*** Titled Tuesday Blitz"]
[Site "Chess.com"]
[Date "2020.05.19"]
[Round "2"]
[White "WildTricks"]
[Black "TigrVShlyape"]
[Result "1/2-1/2"]
[WhiteElo "2529"]
[BlackElo "2812"]
[TimeControl "180+1"]
[EndTime "12:17:37 PDT"]
[Termination "Game drawn by repetition"]

1. Nf3 d5 2. g3 Nf6 3. Bg2 c6 4. O-O Bf5 5. d3 h6 6. c4 e6 7. cxd5 exd5 8. Nc3 Be7 9. Nd4 Bh7 10. e4 O-O 11.
Re1 dxe4 12. dxe4 Bc5 13. Be3 Qe7 14. Qb3 Ng4 15. Nc2 Nxe3 16. Nxe3 Na6 17. Rad1 Rad8 18. Bh3 Bb6 19. Nf5 Qe5 20. Na4 Nc5 21. Nxc5 Qxc5 22. Qf3 Qe5 23. Kg2 Rfe8 24. Qg4 Bxf5 25. Qxf5 Qxb2 26.
Rxd8 Rxd8 27. e5 Rd2 28. Rf1 Re2 29. Qc8+ Kh7 30. Qf5+ Kg8 31. Qc8+ Kh7 32. Qf5+ Kg8 1/2-1/2

[Event "*** Titled Tuesday Blitz"]
[Site "Chess.com"]
[Date "2020.05.19"]
[Round "2"]
[White "DraG0s3L"]
[Black "LittlePeasant"]
[Result "1-0"]
[WhiteElo "2526"]
[BlackElo "2775"]
[TimeControl "180+1"]
[EndTime "12:17:37 PDT"]
[Termination "DraG0s3L won by resignation"]

1. d4 Nf6 2. c4 c5 3. d5 b5 4. cxb5 a6 5. b6 g6 6. Nc3 Qxb6 7. Nf3 d6 8. Nd2 Bg7 9. Nc4 Qa7 10. e4 O-O 11. a4 Nbd7 12. a5 Rb8 13. Be2 Ne8 14.
O-O Nc7 15. Be3 Nb5 16. Qd2 Nd4 17. Bd1 Rb4 18. Na3 Qb7 19. Na4 f5 20. f3 fxe4 21.
fxe4 Rxf1+ 22. Kxf1 Nf6 23. Qd3 Ng4 24. Bd2 Ne5 25. Qg3 Rxa4 26. Bxa4 Qxb2 27. Qc3 Qb7 28. Rb1 Qc7 29. Nc4 Nxc4 30. Qxc4 Be5 31. Kg1 Kg7 32. Rb6 e6 33. Qf1 exd5 34. exd5 Bf5 35. Qxa6 Qf7 36. Rb7 Ne2+ 37. Kh1 Bd7 38. Rxd7 1-0

[Event "*** Titled Tuesday Blitz"]
[Site "Chess.com"]
[Date "2020.05.19"]
[Round "2"]
[White "harkerchess"]
[Black "Doukis"]
[Result "1-0"]
[WhiteElo "2062"]
[BlackElo "2365"]
[TimeControl "180+1"]
[EndTime "12:17:37 PDT"]
[Termination "harkerchess won on time"]

1. d4 d5 2. c4 c6 3. cxd5 cxd5 4. Nc3 Nc6 5. Nf3 Bf5 6. Qb3 e6 7. Qxb7 Qc8 8. Qxc8+ Rxc8 9. a3 Na5 10. Bf4 Nb3 11. Ra2 Nf6 12. e3 Ne4 13. Bb5+ Kd8 14. Ne5 Nxc3 15.
bxc3 Rxc3 16. Nxf7+ Ke7 17. Nxh8 Rc1+ 18. Ke2 Rxh1 19. Rb2 Nc1+ 20. Kd2 g6 21. Bg5+ Kd6 22. Nf7+ Kc7 23. Ba6 Kc6 24. Ne5+ Kd6 25. Rb7 Nb3+ 26. Ke2 Nc1+ 27. Kf3 Be4+ 28. Kg4 h5+ 29. Kg3 Ne2+ 30.
Bxe2 1-0

[Event "*** Titled Tuesday Blitz"]
[Site "Chess.com"]
[Date "2020.05.19"]
[Round "2"]
[White "DishonorOnYourCow"]
[Black "Volodar_Murzin"]
[Result "0-1"]
[WhiteElo "2336"]
[BlackElo "2742"]
[TimeControl "180+1"]
[EndTime "12:17:39 PDT"]
[Termination "Volodar_Murzin won on time"]

1. d4 Nf6 2. c4 g6 3. Nc3 Bg7 4. e4 O-O 5. f4 d6 6. Nf3 Nbd7 7. Bd3 e5 8. fxe5 dxe5 9. d5 Qe7 10. O-O a5 11.
Kh1 b6 12. Bg5 Nc5 13. Bc2 h6 14. Bh4 Bd7 15. Qd2 Qd6 16. Rae1 Rae8 17. b3 Nh7 18. a3 a4 19. b4 Nb3 20. Bxb3 axb3 21. Qb2 f5 22.
Qxb3 g5 23. Bf2 f4 24. c5 Qg6 25. c6 Bc8 26. Nb5 Rf7 27. d6 cxd6 28. Rd1 Bf8 29. Bxb6 g4 30. Nh4 Qh5 31. Nf5 Bxf5 32. exf5 g3 33. h3 Ng5 34. Rd2 f3 35. gxf3 Nxh3 0-1

[Event "*** Titled Tuesday Blitz"]
[Site "Chess.com"]
[Date "2020.05.19"]
[Round "2"]
[White "RovenVogel"]
[Black "Berant"]
[Result "1-0"]
[WhiteElo "2732"]
[BlackElo "2330"]
[TimeControl "180+1"]
[EndTime "12:17:40 PDT"]
[Termination "RovenVogel won by resignation"]

1. d4 Nf6 2. c4 e6 3. Nf3 d5 4. Nc3 c5 5. e3 Nbd7 6. cxd5 Nxd5 7. Nxd5 exd5 8. dxc5 Nxc5 9. Be2 Be7 10. O-O O-O 11. b3 Bf6 12. Nd4 Bd7 13. Bb2 Rc8 14. Rc1 Ne4 15.
Rc2 Rxc2 16. Qxc2 Qc8 17. Rc1 Qxc2 18. Rxc2 Rc8 19. Rxc8+ Bxc8 20. f3 Nc5 21. Ba3 b6 22. Nb5 Bd7 23. Nxa7 d4 24. exd4 Bxd4+ 25. Kf1 Bf5 26. Nc6 Bf6 27. Bc4 Bb1 28. Bxc5 bxc5 29. a4 Bf5 30. a5 Bc8 31. a6 Kf8 32. Bb5 Ke8 33. a7 Bb7 34. Na5+ Kd8 35. Nxb7+ 1-0